 Dungeon Crawl Stone Soup version 0.27-a0-1590-g15f69828bf (webtiles) character file.

Game seed: 11915980655097261046

2 Anon1729 the Sneak (level 1, -4/18 HPs)
             Began as a Merfolk Delver on July 18, 2021.
             Slain by a phantom (5 damage)
             ... on level 4 of the Dungeon.
             The game lasted 00:01:30 (165 turns).

Anon1729 the Sneak (Merfolk Delver)                  Turns: 165, Time: 00:01:30

Health: -4/18      AC:  3    Str: 12    XL:     1   Next: 30%
Magic:  1/1        EV: 12    Int:  9    God:
Gold:   0          SH:  0    Dex: 15    Spells: 0/0 levels left

rFire    . . .     SeeInvis .   a - +0 spear
rCold    . . .     Faith    .   (no shield)
rNeg     . . .     Spirit   .   b - +0 leather armour
rPois    .         Reflect  .   (no helmet)
rElec    .         Harm     .   (no cloak)
rCorr    .         Rampage  .   (no gloves)
Will     .....                  (no boots)
Stlth    +.........             (no amulet)
HPRegen  0.06/turn              (no ring)
MPRegen  0.07/turn              (no ring)

@: lit by a corona, hasted and slowed, glowing
A: (nimble swimmer 2), mertail
a: no special abilities


You were on level 4 of the Dungeon.
You visited 1 branch of the dungeon, and saw 3 of its levels.

Inventory:

Hand Weapons
 a - a +0 spear (weapon)
Armour
 b - a +0 leather armour (worn)
Wands
 g - a wand of digging (3)
Scrolls
 c - a scroll of fog
 d - a scroll of magic mapping
 i - a scroll of identify {unknown}
Potions
 h - a potion of heal wounds {unknown}


   Skills:
 + Level 3.3 Fighting
 * Level 3.1 Polearms
 + Level 2.7 Dodging
 + Level 5.5 Stealth


You couldn't memorise any spells.
You didn't know any spells.
Your spell library contained the following spells:

 Spells                   Type           Power      Damage    Failure   Level
 Foxfire                  Conj/Fire      0%         2x1d4     45%         1
 Conjure Flame            Conj/Fire      0%         6-21      83%         3
 Inner Flame              Hex/Fire       0%         N/A       83%         3


Dungeon Overview and Level Annotations

Branches:
Dungeon (6/15)
 Temple: D:4-7

Altars:

Annotations:
D:4 Eustachio, Natasha
D:6 Sigmund


Innate Abilities, Weirdness & Mutations

((You are quick and stealthy near water. (Stealth+, EV+, Speed+++)))
Your lower body shifts to a powerful aquatic tail in water.


Message History

You hear a shout!
There is a stone staircase leading up here.
The gnoll shaman closely misses you.
You climb upwards.
Eustachio shouts!
The kobold shouts!
The iguana hisses angrily.
Found 7 boomerangs.
There is a stone staircase leading down here.
The quokka bites you.
Found a robe.
Found 18 gold pieces.
The phantom barely misses you.
Found a scroll labelled TEODIWK TUOQA.
A centaur skeleton comes into view.
The phantom hits you.
The phantom blinks!
You blink.
Found 10 gold pieces.
The phantom hits you.
Eustachio gestures wildly while chanting.
Eustachio blinks!
Found a ruby potion.
The phantom hits you.
* * * LOW HITPOINT WARNING * * *
Eustachio says, "Summoning is fun!"
As you read the scroll of fear, it crumbles to dust.
You assume a fearsome visage.
Eustachio looks frightened!
The kobold looks frightened!
The phantom is unaffected.
The iguana looks frightened!
The quokka looks frightened!
The gnoll shaman looks frightened!
The kobold prays for help.
The phantom hits you.
* * * LOW HITPOINT WARNING * * *
Eustachio screams, "Help!"
Eustachio gestures wildly while chanting.
Eustachio blinks!
Natasha, Servant of Life and Death comes into view.
Eustachio gestures wildly while chanting.
Eustachio blinks!
Eustachio gestures wildly while chanting.
Eustachio blinks!
Natasha hisses angrily.
You feel yourself speed up.
Natasha stares at you and mumbles some strange words.
You feel yourself slow down. The phantom hits you.
You die...

########...#
.###.....gr...#
....(.........##
....Z.....>....#
$...##.........# .
##....l§...# ###
###....@.....#
#....#####.............[
.......@W......####.....
.............### ####
...........###
..........## .......h.##
.....!..## ####....#
##....


You could see a phantom and Natasha.

Vanquished Creatures
  An orc (D:5)
1 creature vanquished.

Notes
Turn   | Place    | Note
-------+----------+-------------------------------------------
     0 | D:5      | Anon1729 the Merfolk Delver began the quest for the Orb.
     0 | D:5      | Reached XP level 1. HP: 18/18 MP: 1/1
    32 | D:5      | Noticed an orc warrior
    44 | D:5      | Noticed an ogre
    68 | D:6      | Noticed Sigmund
   111 | D:5      | Noticed a scorpion
   136 | D:5      | Noticed a gnoll shaman
   150 | D:4      | Noticed Eustachio
   150 | D:4      | Noticed a phantom
   150 | D:4      | Noticed an iguana
   161 | D:4      | Noticed Natasha
   165 | D:4      | Slain by a phantom

Illustrated notes

Levels and vault maps discovered:
D:4:      layout_layer_cave, minmay_temple_entry_purple_smoke, uniq_grinder,
          uniq_natasha, uniq_eustachio, uniq_blork_the_orc
D:5:      layout_basic, mainiacjoe_overflow_alcove_2, lemuel_tele_altar,
          minmay_manual_mess
D:6:      layout_basic, mainiacjoe_overflow_brackets,
          mainiacjoe_overflow_24_doors, uniq_sigmund

Action                   || total
-------------------------++-------
Melee: Spear             ||     3
  Use: Scroll            ||     1
       Potion            ||     1
Dodge: Dodged            ||     2

Table legend: (Time is in decaauts)
 A = Elapsed time spent in this place.
 B = Non-inter-level travel time spent in this place.
 C = Inter-level travel time spent in this place.
 D = Time resting spent in this place.
 E = Time spent auto-exploring this place.
 F = Levels seen in this place.
 G = Mean time per level.
                   A        B        C        D        E       F      G
               +--------+--------+--------+--------+--------+-----+--------+
         Total |    165 |    165 |      0 |      0 |     64 |   3 |   55.0 |
       Dungeon |    165 |    165 |      0 |      0 |     64 |   3 |   55.0 |
               +--------+--------+--------+--------+--------+-----+--------+

Top non-repeatable levels by time:
     D:5: 123 daAuts
     D:6: 26 daAuts
     D:4: 14 daAuts
